 Dungeon Crawl Stone Soup version 0.26.1-2-gb8aa6d0cf2 (webtiles) character file.

Game seed: 797939458201433928

536 kokoker the Skirmisher (level 7, -4/47 (54) HPs)
             Began as a Human Chaos Knight on Mar 8, 2021.
             Was a Plaything of Xom.
             Slain by a wraith (6 damage)
             ... in an ossuary.
             The game lasted 00:31:14 (2504 turns).

kokoker the Skirmisher (Human Chaos Knight)         Turns: 2504, Time: 00:31:15

HP:   -4/47 (54)    AC:  7    Str: 11 (14) XL:     7   Next: 50%
MP:   7/7           EV:  9    Int: 16 (19) God:    Xom [.*....]
Gold: 107           SH:  0    Dex: 11 (12) Spells: 6/6 levels left

rFire    + . .     SeeInvis .   m - +1 long sword (holy)
rCold    . . .     Faith    .   (no shield)
rNeg     . . .     Spirit   .   i - +0 scale mail {rF+}
rPois    .         Reflect  .   (no helmet)
rElec    +         Harm     .   (no cloak)
rCorr    .         Rampage  .   (no gloves)
Will     .....                  (no boots)
Stlth    ..........             (no amulet)
HPRegen  0.15/turn              c - +6 ring of intelligence
MPRegen  0.10/turn              (no ring)

@: slowed, heavily drained, very slow
A: hooves 1, electricity resistance, MP-powered wands
a: Renounce Religion


You were in an ossuary.
You worshipped Xom.
You were a plaything of Xom.
You visited 1 branch of the dungeon, and saw 4 of its levels.
You also visited: Ossuary.

You collected 107 gold pieces.

Inventory:

Hand Weapons
 a - a +0 falchion of chaos
 d - a +2 hand axe of distortion
 h - the +7 whip of the Traitor {venom, rPois rN+ SInv, unknown}
   (You found it on level 4 of the Dungeon)

   It poisons the flesh of those it strikes.
   It protects you from poison.
   It protects you from negative energy.
   It lets you see invisible.
 l - a +0 long sword
 m - a +1 long sword of holy wrath (weapon)
Armour
 b - a +2 leather armour
 g - a +0 ring mail
 i - a +0 scale mail of fire resistance (worn)
Jewellery
 c - a +6 ring of intelligence (left hand)
Wands
 n - a wand of flame (18)
Scrolls
 f - 3 scrolls of identify
 k - 2 scrolls of remove curse
 p - a scroll of magic mapping
 t - a scroll of random uselessness {unknown}
Potions
 e - a potion of haste
 j - 3 potions of curing
 o - a potion of mutation
 q - a potion of brilliance
 u - a potion of magic


   Skills:
 + Level 4.3 Fighting
 + Level 4.1 Long Blades
 + Level 4.0 Axes
 + Level 4.1 Armour
 + Level 2.0 Dodging
 + Level 1.1 Stealth


You had 6 spell levels left.
You didn't know any spells.
Your spell library was empty.

Dungeon Overview and Level Annotations

Branches:
Dungeon (4/15)            Ossuary (1/1)
 Temple: D:4-7

Altars:
Elyvilon
Hepliaklqana
Qazlal
Wu Jian
Yredelemnul

Annotations:
Abyss:1 Robin


Innate Abilities, Weirdness & Mutations

You have large cloven feet.
You are resistant to electric shocks. (rElec)
You expend magic power (3 MP) to strengthen your wands.


Message History

Something hits you. Something drains your vigour!
You feel yourself slow down.
You miss something.
Something hits you but does no damage. x2
You barely miss something. Something hits you!
Something hits you but does no damage.
You closely miss something. Your kick misses something. Something hits you.
You hit something. Something hits you but does no damage.
Something completely misses you.
You hit something. Your kick misses something. Something hits you!
Something drains your vigour!
You feel as though you will be slow longer.
Something hits you!
You hit something. Something hits you but does no damage. Something hits you!
* * * LOW HITPOINT WARNING * * *
Something drains your vigour!
You feel as though you will be slow longer.
You closely miss something. Something completely misses you.
Something hits you!
* * * LOW HITPOINT WARNING * * *
You hit something but do no damage. Something hits you.
You die...

########## .........#
.......∩.#
#####+#####.......#
##....@....##......#
##...##{##...##.....#
##...##...##...##....#
#...##..!!.##...#....#
+...#.!.!!..#...'....#
#...##.!?!.##...#....#
##...##...##...##....#
##...#####...##.....#
.##.........##......#


There were no monsters in sight!

Vanquished Creatures
  Grinder (D:3)
  Blork the orc (D:4)
  A bullfrog skeleton (D:4)
  Ijyb (D:4)
  Natasha (D:3)
  A worker ant (D:4)
  A mummy (Ossuary)
  3 adders
  2 adder skeletons (D:4)
  2 worms
  A dart slug (D:1)
  2 leopard geckos (D:2)
  4 giant cockroaches
  14 goblins
  13 hobgoblins
  12 jackals
  2 ball pythons
  4 bats
  6 frilled lizards
  4 gnoll skeletons (Ossuary)
  7 kobolds
  2 kobold skeletons (Ossuary)
  11 orc skeletons (Ossuary)
  2 quokka skeletons (D:4)
  4 rats
  A spectral orc (D:3)
103 creatures vanquished.

Notes
Turn   | Place    | Note
-------+----------+-------------------------------------------
     0 | D:1      | kokoker the Human Chaos Knight began the quest for the Orb.
     0 | D:1      | Reached XP level 1. HP: 18/18 MP: 1/1
    29 | D:1      | XOM: silly message
    79 | D:1      | XOM: potion effect (invisibility)
    98 | D:1      | Reached XP level 2. HP: 18/24 MP: 2/2
   135 | D:1      | Reached XP level 3. HP: 22/29 MP: 3/3
   298 | D:1      | Reached skill level 1 in Stealth
   422 | D:2      | Reached XP level 4. HP: 35/35 MP: 4/4
   655 | D:2      | Gained mutation: You have large cloven feet. [potion of
                  | mutation]
   655 | D:2      | Gained mutation: You are resistant to electric shocks.
                  | (rElec) [potion of mutation]
   655 | D:2      | Gained mutation: You expend magic power (3 MP) to
                  | strengthen your wands. [potion of mutation]
   686 | D:2      | XOM: divination: detect creatures
  1037 | D:2      | Reached skill level 1 in Axes
  1262 | D:3      | Found a white marble altar of Elyvilon.
  1270 | D:3      | Found an ornate altar of the Wu Jian Council.
  1278 | D:3      | Found a stormy altar of Qazlal.
  1306 | D:3      | Found a hazy altar of Hepliaklqana.
  1307 | D:3      | Noticed Robin
  1325 | D:3      | Banished Robin
  1326 | D:3      | Reached XP level 5. HP: 20/42 MP: 5/5
  1381 | D:3      | Noticed Grinder
  1387 | D:3      | Paralysed by Grinder for 5 turns
  1394 | D:3      | XOM: silly message
  1396 | D:3      | Killed Grinder
  1397 | D:3      | Reached XP level 6. HP: 12/48 MP: 6/6
  1564 | D:3      | Found a basalt altar of Yredelemnul.
  1635 | D:3      | Noticed Natasha
  1640 | D:3      | Killed Natasha
  1724 | D:4      | Reached XP level 7. HP: 35/54 MP: 7/7
  1734 | D:4      | Got an iridescent whip
  1982 | D:4      | Noticed Blork the orc
  1990 | D:4      | Noticed Ijyb
  2001 | D:4      | Killed Blork the orc
  2007 | D:4      | Killed Ijyb
  2110 | D:4      | XOM: 1-stop teleportation journey
  2126 | D:4      | XOM: draining
  2220 | D:4      | Found a sand-covered staircase.
  2350 | Ossuary  | Entered an ossuary
  2350 | Ossuary  | Noticed a wraith
  2350 | Ossuary  | Noticed a wraith
  2350 | Ossuary  | Noticed a wraith
  2355 | Ossuary  | XOM: 1-stop teleportation journey
  2474 | Ossuary  | Noticed a wraith
  2496 | Ossuary  | XOM: enchant monster (bad)
  2503 | Ossuary  | HP: 1/47 [something (7)]
  2504 | Ossuary  | Slain by a wraith

Illustrated notes

Levels and vault maps discovered:
D:1:      dpeg_arrival_simpleton_b, layout_basic
D:2:      layout_loops_ring
D:3:      layout_rooms, grunt_temple_overflow_diamond,
          yredelemnul_forgotten_temple_becter, nzn_hepliaklqana_mist_gate,
          gup_sewer_entry_bubbles, uniq_grinder, uniq_natasha, uniq_robin
D:4:      layout_rooms, nicolae_ossuary_entry_monument,
          nemelex_diamond_rough_becter, uniq_blork_the_orc, uniq_ijyb
Ossuary:  ossuary_due_mausoleum

Skill      XL: |  1  2  3  4  5  6  7 |
---------------+----------------------+-----
Stealth        | 1 |  1.1
Axes           | 1 3 4 |  4.0
Fighting       | 4 |  4.3
Armour         | 3 4 |  4.1
Dodging        | 2 |  2.0
Long Blades    | 4 |  4.1

Action                   |  1- 3 |  4- 6 |  7- 9 || total
-------------------------+-------+-------+-------++-------
Melee: Falchion          |    48 |       |       ||    48
       Hand axe          |    36 |    77 |     7 ||   120
       Kick              |       |     7 |    19 ||    26
       Long sword        |       |       |    75 ||    75
  Use: Scroll            |     5 |     5 |     1 ||    11
       Potion            |       |     9 |     6 ||    15
 Stab: Invisible         |     8 |       |     3 ||    11
Armor: Leather armour    |    14 |       |       ||    14
       Scale mail        |    12 |    31 |    42 ||    85
       Ring mail         |     5 |       |       ||     5
Dodge: Dodged            |    59 |    32 |    54 ||   145
       Rpst.: Falchion   |     9 |       |       ||     9
       Long sword        |       |       |    17 ||    17
